 Dungeon Crawl Stone Soup version 0.23.2-1-ga50397a (webtiles) character file.

Game seed: 2833662044305974802

32755 Aurelien the Blocker (level 13, -5/123 HPs)
             Began as a Minotaur Fighter on June 2, 2019.
             Was the Champion of Okawaru.
             Slain by a dream sheep (13 damage)
             ... on level 5 of the Lair of Beasts.
             The game lasted 00:58:33 (15688 turns).

Aurelien the Blocker (Minotaur Fighter)            Turns: 15688, Time: 00:58:35

Health: -5/123     AC: 19    Str: 26    XL:     13   Next: 33%
Magic:  12/12      EV:  7    Int:  5    God:    Okawaru [******]
Gold:   758        SH:  0    Dex: 10    Spells: 12/12 levels left

rFire    + + .     SeeInvis .   Q - +1 broad axe (chop)
rCold    . . .     Gourm    .   c - +0 shield
rNeg     + . .     Faith    .   F - +2 plate armour {rF+}
rPois    +         Spirit   .   (helmet restricted)
rElec    .         Reflect  .   (no cloak)
rCorr    .         Harm     .   (no gloves)
MR       +....                  H - +0 pair of boots of the Several Orbs {rF+ MR+}
Stlth    ..........             s - amulet of regeneration
HPRegen  0.70/turn              g - ring of positive energy
MPRegen  0.13/turn              E - ring of poison resistance

@: sleeping
A: retaliatory headbutt, horns 2
a: Heroism, Finesse, Renounce Religion


You were on level 5 of the Lair of Beasts.
You worshipped Okawaru.
Okawaru was exalted by your worship.
You were not hungry.

You visited 3 branches of the dungeon, and saw 19 of its levels.
You also visited: Sewer.

You collected 758 gold pieces.

Inventory:

Hand Weapons
 a - a +0 flail
 k - a +4 scythe of slicing
 A - a +3 war axe of flaming
 B - a +0 hand axe of chopping
 Q - a +1 broad axe of chopping (weapon)
 T - a +0 lajatang
Armour
 c - a +0 shield (worn)
 z - a +0 cloak
 F - a +2 plate armour of fire resistance (worn)
 H - the +0 pair of boots of the Several Orbs (worn) {rF+ MR+}
   (Okawaru gifted it to you on level 3 of the Lair of Beasts)

   It protects you from fire.
   It affects your resistance to hostile enchantments.
 N - the +1 plate armour "Tuss" {rN+ Int+3}
   (You found it on level 1 of the Lair of Beasts)

   It affects your intelligence (+3).
   It protects you from negative energy.
Jewellery
 b - an uncursed amulet of the gourmand
 g - a ring of positive energy (left hand)
 s - an amulet of regeneration (around neck)
 t - an uncursed ring of protection from fire
 x - an uncursed ring of protection from magic
 E - a ring of poison resistance (right hand)
 W - a cursed -4 ring of strength {unknown}
Wands
 l - a wand of random effects (30)
 q - a wand of enslavement (10)
 C - a wand of paralysis (20)
 L - a wand of digging (8)
 O - a wand of iceblast (42)
 P - a wand of polymorph (6)
 R - a wand of clouds (5)
Scrolls
 e - a scroll of fog
 h - 5 scrolls of remove curse
 r - 3 scrolls of immolation
 v - a scroll of enchant weapon
 y - 6 scrolls of teleportation
 G - 3 scrolls of identify
 K - a scroll of amnesia
 X - a scroll of summoning {unknown}
 Y - a scroll of vulnerability {unknown}
 Z - a scroll of brand weapon {unknown}
Potions
 d - 3 potions of might
 i - 6 potions of ambrosia
 j - 4 potions of heal wounds {unknown}
 m - 4 potions of agility {unknown}
 n - 5 potions of flight
 o - 10 potions of curing
 p - a potion of cancellation {unknown}
 u - 3 potions of mutation {unknown}
 w - a potion of lignification {unknown}
 D - 4 potions of resistance {unknown}
 I - a potion of magic {unknown}
 M - a potion of degeneration {unknown}
 S - 4 potions of haste {unknown}
 U - a potion of brilliance {unknown}
Miscellaneous
 J - a phial of floods
Comestibles
 f - 35 rations
 V - 10 chunks of flesh


   Skills:
 + Level 13.8 Fighting
 + Level 12.8(13.1) Axes
 - Level 4.7(9.7) Maces & Flails
 + Level 13.8 Armour
 + Level 13.8 Shields


You had 12 spell levels left.
You didn't know any spells.
Your spell library contained the following spells:

 Spells                   Type           Power        Failure   Level  Hunger
 Animate Skeleton         Necr           N/A          99%         1    ##.....
 Apportation              Tloc           #.....       99%         1    ##.....
 Beastly Appendage        Tmut           #.....       99%         1    ##.....
 Confusing Touch          Hex            #.....       99%         1    ##.....
 Corona                   Hex            #......      99%         1    ##.....
 Magic Dart               Conj           #...         99%         1    ##.....
 Sandblast                Erth           #.....       99%         1    ##.....
 Summon Small Mammal      Summ           #...         99%         1    ##.....
 Ensorcelled Hibernation  Hex/Ice        #.....       100%        2    ###....
 Passwall                 Tmut/Erth      #.......     100%        2    ###....
 Searing Ray              Conj           #.....       100%        2    ###....
 Sticks to Snakes         Tmut           #.......     100%        2    ###....
 Confuse                  Hex            #.......     100%        3    ####...
 Dazzling Spray           Conj/Hex       #.....       100%        3    ####...
 Gell's Gravitas          Tloc           #.........   100%        3    ####...
 Spider Form              Tmut/Pois      #.........   100%        3    ####...
 Stone Arrow              Conj/Erth      #.....       100%        3    ####...
 Tukima's Dance           Hex            #.......     100%        3    ####...
 Force Lance              Conj/Tloc      #.......     100%        4    #####..
 Fulminant Prism          Conj/Hex       #.........   100%        4    #####..
 Ice Form                 Ice/Tmut       #.......     100%        4    #####..
 Iskenderun's Mystic Bla  Conj           #.......     100%        4    #####..
 Petrify                  Tmut/Erth      #.......     100%        4    #####..
 Blade Hands              Tmut           #.........   100%        5    ######.
 Lee's Rapid Deconstruct  Erth           #.........   100%        5    ######.
 Metabolic Englaciation   Hex/Ice        #.........   100%        5    ######.
 Yara's Violent Unravell  Hex/Tmut       #.........   100%        5    ######.


Dungeon Overview and Level Annotations

Branches:
Dungeon (13/15)            Temple (0/1) D:6            Lair (5/6) D:8
  Swamp (0/4) Lair:4        Snake (1/4) Lair:2          Orc (0/2) D:12
  Slime: Lair:5-6    Vaults: D:13-14

Altars:
Fedhas
Okawaru

Shops:
D:5 (   D:9 :   Snake:1 }

Annotations:
D:9 3 runed translucent doors, Curus's ghost, novice MiAK
D:12 2 runed translucent doors
Lair:1 exclusion: orange crystal statue


Innate Abilities, Weirdness & Mutations

You reflexively headbutt those who attack you in melee.
You have a pair of horns on your head.


Message History

The black mamba bites you.
* * * LOW HITPOINT WARNING * * *
Unknown command.
You miss the black mamba.
The black mamba is almost dead.
You slice the bullfrog!!
You kill the bullfrog!
Okawaru accepts your kill.
Your surroundings suddenly seem different.
Found a glowing mace and a broad axe.
Found a stone staircase leading down.
You start resting.
A dream sheep comes into view.
The sentinel's mark upon you fades away.
A dream sheep comes into view.
A dream sheep comes into view.
The dream sheep shake their wool and sparkle.
You feel drowsy...
You fall asleep.
A dream sheep comes into view. x2
The dream sheep bites you!
You die...

..........#
#..............####.#.P#
#....... .P.... ######
#.#....#..YY.
#.).#......# . ....#...#
..# #......+.8..
#..PY....... #..@Y...#
###...>...# #.#......
##..).... ##....# .P.##
#.# ##


You could see 4 dream sheep.

Vanquished Creatures
  3 hydras
  An anaconda (Snake:1)
  Harold (Lair:2)
  A death yak (Lair:2)
  A lindwurm (Lair:4)
  2 mana vipers (Snake:1)
  An ugly thing (D:12)
  A salamander (Snake:1)
  6 elephants (Lair:4)
  A manticore (D:12)
  A naga mage (Snake:1)
  Joseph (D:9)
  2 black mambas (Snake:1)
  3 spiny frogs
  2 centaur skeletons (D:12)
  A torpor snail (Lair:3)
  3 rime drakes
  5 komodo dragons
  A queen bee (Lair:3)
  2 trolls
  A polar bear (Lair:4)
  A hornet (D:11)
  8 blink frogs
  2 hippogriffs
  4 spriggans (Lair:2)
  A basilisk (Lair:3)
  26 yaks
  A wyvern (Lair:2)
  Grum (D:9)
  3 hungry ghosts
  4 wargs (D:12)
  2 nagas (Lair:2)
  An acid dragon (D:12)
  2 soldier ants (D:12)
  8 water moccasins
  Duvessa (D:7)
  6 porcupines
  4 black bears
  4 orc warriors
  3 ice beasts
  3 sky beasts
  A hornet zombie (D:7)
  A necrophage (D:7)
  2 eyes of draining
  2 phantoms
  2 wolves (D:9)
  10 ogres
  4 centaurs
  15 crocodiles
  13 bullfrogs
  3 big kobolds
  A wyvern zombie (D:11)
  2 gnoll sergeants
  Dowan (D:7)
  A wyvern skeleton (D:12)
  3 scorpions
  22 killer bees
  An electric eel (Lair:4)
  A howler monkey (D:9)
  A bullfrog zombie (D:9)
  6 crimson imps
  2 quasits
  A centaur zombie (D:9)
  7 orc priests
  4 hounds
  4 jellies
  5 bullfrog skeletons
  Terence (D:2)
  5 iguanas
  7 orc wizards
  3 worker ants
  2 hound zombies
  2 hound skeletons
  2 worker ant zombies (D:6)
  14 gnolls
  15 adders
  3 shadow imps
  13 oozes
  3 adder zombies
  An adder skeleton (D:4)
  3 worms
  A dart slug (D:1)
  22 leopard geckos
  31 orcs
  8 ball pythons
  9 bats
  15 giant cockroaches
  7 hobgoblins
  9 jackals
  20 kobolds
  8 quokkas
  18 frilled lizards
  3 goblins (D:1)
  A jackal skeleton (D:4)
  12 rats
478 creatures vanquished.

Vanquished Creatures (others)
  4 fungi
  A plant (Lair:5)
5 creatures vanquished.

Grand Total: 483 creatures vanquished

Notes
Turn   | Place    | Note
-------+----------+-------------------------------------------
     0 | D:1      | Aurelien the Minotaur Fighter began the quest for the Orb.
     0 | D:1      | Reached XP level 1. HP: 19/19 MP: 0/0
    25 | D:1      | Reached XP level 2. HP: 24/27 MP: 1/1
   222 | D:1      | Reached XP level 3. HP: 30/33 MP: 2/2
   610 | D:2      | Noticed Terence
   622 | D:2      | Killed Terence
   622 | D:2      | Reached XP level 4. HP: 38/40 MP: 3/3
  1196 | D:2      | Found an iron altar of Okawaru.
  1204 | D:2      | Became a worshipper of Warmaster Okawaru
  1250 | D:2      | Reached XP level 5. HP: 47/47 MP: 4/4
  1696 | D:3      | Found a glowing drain.
  1710 | Sewer    | Entered a sewer
  1774 | Sewer    | Reached skill level 5 in Shields
  1777 | Sewer    | Reached skill level 5 in Armour
  1818 | Sewer    | Reached skill level 5 in Fighting
  1868 | Sewer    | Reached XP level 6. HP: 56/56 MP: 5/5
  2653 | D:4      | Reached skill level 1 in Axes
  2653 | D:4      | Reached XP level 7. HP: 62/62 MP: 6/6
  2982 | D:4      | Reached * piety under Okawaru
  3346 | D:4      | Found an iron altar of Okawaru.
  3423 | D:5      | Entered Level 5 of the Dungeon
  3430 | D:5      | Found Joytroq's Antique Weapon Emporium.
  3845 | D:6      | Reached ** piety under Okawaru
  3845 | D:6      | Reached XP level 8. HP: 34/71 MP: 7/7
  3993 | D:6      | Found a staircase to the Ecumenical Temple.
  5023 | D:7      | Noticed Duvessa
  5023 | D:7      | Noticed Dowan
  5030 | D:7      | Killed Duvessa
  5030 | D:7      | Reached *** piety under Okawaru
  5030 | D:7      | Reached skill level 5 in Axes
  5032 | D:7      | Received a gift from Okawaru
  5039 | D:7      | Killed Dowan
  5101 | D:7      | Reached XP level 9. HP: 70/81 MP: 8/8
  5998 | D:8      | Reached **** piety under Okawaru
  6178 | D:8      | Found a blossoming altar of Fedhas.
  6399 | D:8      | Reached XP level 10. HP: 83/91 MP: 9/9
  6407 | D:8      | Reached ***** piety under Okawaru
  6439 | D:8      | Found a staircase to the Lair.
  6932 | D:9      | Reached skill level 10 in Shields
  7001 | D:9      | Reached skill level 10 in Fighting
  7001 | D:9      | Reached skill level 10 in Armour
  7076 | D:9      | Found Xahel's Book Emporium.
  7135 | D:9      | Noticed Grum
  7146 | D:9      | Killed Grum
  7226 | D:9      | Found a runed translucent gate.
  7226 | D:9      | Found a runed translucent gate.
  7227 | D:9      | Found a runed translucent gate.
  7228 | D:9      | Noticed Curus's ghost (novice MiAK)
  7242 | D:9      | Noticed Joseph
  7264 | D:9      | Killed Joseph
  7823 | D:10     | Entered Level 10 of the Dungeon
  8329 | D:11     | Noticed a seven-headed hydra
  8338 | D:11     | Killed a three-headed hydra
  8338 | D:11     | Received a gift from Okawaru
  8338 | D:11     | Reached XP level 11. HP: 81/101 MP: 7/10
  8409 | D:11     | Paralysed by a hornet for 3 turns
  8609 | D:11     | Reached ****** piety under Okawaru
  9105 | D:12     | Noticed an ice dragon
  9109 | D:12     | Found a runed translucent door.
  9109 | D:12     | Found a runed translucent door.
  9109 | D:12     | Noticed a fire dragon
  9110 | D:12     | Found a staircase to the Orcish Mines.
  9110 | D:12     | Noticed a fire dragon
  9111 | D:12     | Found the +2 shield of Resistance {rF+ rC+ MR+}
  9111 | D:12     | Noticed an ice dragon
  9121 | D:12     | Received a gift from Okawaru
  9759 | D:12     | Noticed a white ugly thing
  9768 | D:12     | Reached skill level 10 in Axes
  9773 | D:12     | Killed a white ugly thing
 10319 | Lair:1   | Entered Level 1 of the Lair of Beasts
 10443 | Lair:1   | Noticed an orange crystal statue
 10551 | Lair:1   | Got an ancient plate armour
 10562 | Lair:1   | Identified the +1 plate armour "Tuss" {rN+ Int+3} (You
                  | found it on level 1 of the Lair of Beasts)
 11124 | Lair:2   | Noticed Harold
 11140 | Lair:2   | Killed Harold
 11140 | Lair:2   | Received a gift from Okawaru
 11264 | Lair:2   | Found a staircase to the Snake Pit.
 11279 | Lair:2   | Reached XP level 12. HP: 112/112 MP: 11/11
 12076 | Snake:1  | Entered Level 1 of the Snake Pit
 12232 | Snake:1  | Noticed a naga warrior
 12240 | Snake:1  | Received a gift from Okawaru
 12508 | Snake:1  | Noticed an anaconda
 12516 | Snake:1  | Killed an anaconda
 12943 | Snake:1  | Found Aboaca's Gadget Boutique.
 13142 | Lair:3   | Noticed an eight-headed hydra
 13155 | Lair:3   | Killed a 15-headed hydra
 13172 | Lair:3   | Noticed a seven-headed hydra
 13175 | Lair:3   | Noticed a death yak
 13331 | Lair:2   | Killed a ten-headed hydra
 13404 | Lair:2   | Killed a death yak
 13404 | Lair:2   | Received a gift from Okawaru
 13735 | Lair:3   | Received a gift from Okawaru
 14469 | Lair:3   | Got a pair of brightly glowing boots {god gift}
 14480 | Lair:3   | Identified the +0 pair of boots of the Several Orbs {rF+
                  | MR+} (Okawaru gifted it to you on level 3 of the Lair of
                  | Beasts)
 14736 | Lair:4   | Reached XP level 13. HP: 122/122 MP: 12/12
 15450 | Lair:4   | Found a staircase to the Swamp.
 15674 | Lair:5   | HP: 4/123 [spiny frog (13)]
 15679 | Lair:5   | HP: 2/123 [black mamba (3)]
 15688 | Lair:5   | Slain by a dream sheep

Skill      XL: |  1  2  3  4  5  6  7  8  9 10 11 12 |
---------------+-------------------------------------+-----
Armour         | 4 5 6 7 9 10 12 13 | 13.8
Fighting       | 4 5 6 7 9 10 12 13 | 13.8
Shields        | 4 5 6 8 9 10 12 13 | 13.8
Maces & Flails | 3 4 |  4.7
Axes           | 1 3 5 7 9 10 12 | 12.8

Action                   |  1- 3 |  4- 6 |  7- 9 | 10-12 | 13-15 || total
-------------------------+-------+-------+-------+-------+-------++-------
Melee: Flail             |    84 |   282 |       |       |       ||   366
       Headbutt          |    14 |    36 |    64 |   143 |    26 ||   283
       War axe           |       |    10 |   304 |   429 |       ||   743
       Broad axe         |       |       |       |   317 |   107 ||   424
Invok: Heroism           |       |       |     1 |     7 |       ||     8
  Use: Scroll            |       |    11 |     6 |    13 |     1 ||    31
       Potion            |       |       |       |     4 |     1 ||     5
  Eat: Chunk             |       |     7 |     9 |    12 |     3 ||    31
       Ration            |       |       |     1 |     7 |       ||     8
Armor: Scale mail        |    48 |       |       |       |       ||    48
       Chain mail        |       |   134 |       |       |       ||   134
       Plate armour      |       |    11 |   155 |   418 |    55 ||   639
Dodge: Dodged            |    39 |    75 |    55 |   193 |    31 ||   393
Block: Shield            |    56 |   184 |   170 |   499 |    84 ||   993
